 Dungeon Crawl Stone Soup version 0.29.1-2-gbd0b4ee654 (webtiles) character file.

Game seed: 4364460996060901330

368 DocClef the Shield-Bearer (level 6, -1/51 (53) HPs)
             Began as a Gnoll Fighter on Nov 1, 2022.
             Slain by a gnoll sergeant
             ... wielding a +0 trident
              (2 damage)
             ... on level 5 of the Dungeon.
             The game lasted 00:03:44 (3116 turns).

DocClef the Shield-Bearer (Gnoll Fighter)           Turns: 3116, Time: 00:03:44

HP:   -1/51 (53)    AC: 10    Str: 18    XL:     6   Next: 69%
MP:   9/9           EV: 10    Int:  7    God:
Gold: 271           SH:  5    Dex: 11    Spells: 9/9 levels left

rFire   . . .      SeeInvis .   a - +0 war axe
rCold   . . .      Faith    .   c - +0 buckler
rNeg    . . .      Spirit   .   b - +0 scale mail
rPois   .          Reflect  .   (no helmet)
rElec   .          Harm     .   (no cloak)
rCorr   .          Rampage  .   w - +1 pair of gloves
Will    .....                   (no boots)
Stlth   ..........              (no amulet)
HPRegen 0.17/turn               (no ring)
MPRegen 0.11/turn               (no ring)

@: mighty, lightly drained
A: fangs 1, strong nose, distributed training
a: no special abilities


You were on level 5 of the Dungeon.
You visited 1 branch of the dungeon, and saw 6 of its levels.

You collected 271 gold pieces.

Inventory:

Hand Weapons
 a - a +0 war axe (weapon)
Missiles
 t - a throwing net (quivered)
Armour
 b - a +0 scale mail (worn)
 c - a +0 buckler (worn)
 w - a +1 pair of gloves (worn)
Scrolls
 e - 4 scrolls of identify {unknown}
 h - 2 scrolls of blinking {unknown}
 i - 2 scrolls of teleportation {unknown}
 l - a scroll of fear {unknown}
 o - 2 scrolls of amnesia {unknown}
 p - 2 scrolls of immolation {unknown}
 q - a scroll of noise {unknown}
 r - a scroll of enchant weapon {unknown}
 u - 2 scrolls of summoning {unknown}
 y - a scroll of poison {unknown}
Potions
 f - a potion of magic {unknown}
 g - a potion of lignification {unknown}
 j - 2 potions of curing {unknown}
 k - a potion of attraction {unknown}
 m - 3 potions of degeneration {unknown}
 n - a potion of heal wounds {unknown}
 s - a potion of brilliance {unknown}
 v - a potion of ambrosia {unknown}
 x - 2 potions of mutation {unknown}
 z - a potion of haste {unknown}


   Skills:
 + Level 6.9 Fighting
 + Level 2.1 Short Blades
 + Level 2.1 Long Blades
 + Level 5.1 Axes
 + Level 2.1 Maces & Flails
 + Level 2.1 Polearms
 + Level 2.1 Staves
 + Level 2.1 Ranged Weapons
 + Level 2.1 Throwing
 + Level 6.9 Armour
 + Level 2.1 Dodging
 + Level 2.1 Stealth
 + Level 6.9 Shields
 + Level 2.1 Unarmed Combat
 + Level 2.1 Spellcasting
 + Level 1.7 Conjurations
 + Level 1.7 Hexes
 + Level 1.7 Summonings
 + Level 1.7 Necromancy
 + Level 1.7 Translocations
 + Level 1.7 Transmutations
 + Level 1.7 Fire Magic
 + Level 1.7 Ice Magic
 + Level 1.7 Air Magic
 + Level 1.7 Earth Magic
 + Level 1.7 Poison Magic
 + Level 2.4 Invocations
 + Level 2.1 Evocations


You had 9 spell levels left.
You didn't know any spells.
Your spell library was empty.

Dungeon Overview and Level Annotations

Branches:
Dungeon (6/15)
 Temple: D:4-7

Altars:
Fedhas
Wu Jian
Zin

Shops:
D:2 (

Annotations:
D:4 Eustachio


Innate Abilities, Weirdness & Mutations

You have very sharp teeth.
Your uncanny sense of smell can sniff out nearby items.
Your experience applies equally to all skills.


Message History

The wight hits you with a +2 long sword.
You feel drained. You block the wight's attack.
The wight attacks as you move away! The wight barely misses you.
There is a stone staircase leading up here.
The wight barely misses you.
You climb upwards.
The gnoll hits you but does no damage.
There is a stone staircase leading down here.
You feel very mighty all of a sudden. The gnoll hits you with a +0 spear.
The wight hits you but does no damage. The wight attacks as you move away!
The wight hits you with a +0 war axe. The gnoll hits you but does no damage.
The gnoll sergeant misses you.
You hit the gnoll sergeant but do no damage.
You slash the gnoll!
You kill the gnoll!
You hit the wight. You block the gnoll sergeant's attack. The wight misses you.
The gnoll sergeant hits you but does no damage.
You hit the gnoll sergeant.
The gnoll sergeant is lightly wounded.
You slash the wight! The wight barely misses you.
The wight hits you with a +0 war axe.
* * * LOW HITPOINT WARNING * * *
You feel drained.
* * * LOW HITPOINT WARNING * * *
You slash the gnoll sergeant!
The gnoll sergeant is moderately wounded.
You hit the wight but do no damage.
The gnoll sergeant hits you with a +0 trident!
* * * LOW HITPOINT WARNING * * *
The wight closely misses you.
Unknown command.
You slash the gnoll sergeant!
The gnoll sergeant is almost dead.
You hit the wight but do no damage. You closely miss the gnoll.
The gnoll closely misses you.
The gnoll sergeant hits you with a +0 trident.
* * * LOW HITPOINT WARNING * * *
You block the gnoll's attack. The wight barely misses you.
The gnoll completely misses you.
The gnoll sergeant hits you with a +0 trident.
You die...

#...#....#.# #.#.####.#.# ####
#.#......#.# ###...
#.###.####.########...####.
#.......##....[.(..........
######....########..#############
................................#
#######.#........#.############.#
#.########@z...# #.# #.#
#gggg###.# #.# #.# #g##.# #.# #.#
#.#####.##.###.# #.#
≈≈≈≈≈≈≈g##.....# #.#
#≈≈≈##≈.######## #.# ######≈g#
#.# #.g.#≈≈.# #.# #)gg'gg.# #.#


You could see a gnoll sergeant, a wight and 4 gnolls.

Vanquished Creatures
  A centaur (D:6)
  2 scorpions
  A hound (D:4)
  An iguana (D:3)
  A gnoll (D:5)
  2 adders (D:6)
  2 ufetubi
  2 dart slugs
  4 orcs (D:3)
  8 ball pythons
  6 endoplasms
  3 giant cockroaches
  7 goblins
  6 hobgoblins
  6 jackals
  A quokka (D:2)
  3 bats
  2 frilled lizards
  6 kobolds
  5 rats
69 creatures vanquished.

Notes
Turn   | Place    | Note
-------+----------+-------------------------------------------
     0 | D:1      | DocClef the Gnoll Fighter began the quest for the Orb.
     0 | D:1      | Reached XP level 1. HP: 23/23 MP: 1/1
    79 | D:1      | Reached XP level 2. HP: 29/29 MP: 2/2
   307 | D:1      | Reached XP level 3. HP: 33/34 MP: 3/3
   611 | D:1      | Found a faded altar of an unknown god.
   761 | D:2      | Reached skill level 1 in Invocations
   799 | D:2      | Found Ivorojeeq's Weapon Boutique.
   895 | D:2      | Reached skill level 1 in Short Blades
   895 | D:2      | Reached skill level 1 in Long Blades
   895 | D:2      | Reached skill level 1 in Maces & Flails
   895 | D:2      | Reached skill level 1 in Polearms
   895 | D:2      | Reached skill level 1 in Staves
   895 | D:2      | Reached skill level 1 in Ranged Weapons
   895 | D:2      | Reached skill level 1 in Throwing
   895 | D:2      | Reached skill level 1 in Dodging
   895 | D:2      | Reached skill level 1 in Stealth
   895 | D:2      | Reached skill level 1 in Unarmed Combat
   895 | D:2      | Reached skill level 1 in Spellcasting
   895 | D:2      | Reached skill level 1 in Evocations
  1642 | D:3      | Reached XP level 4. HP: 36/41 MP: 5/5
  1814 | D:3      | Noticed a scorpion
  1820 | D:3      | Killed a scorpion
  1821 | D:3      | Reached skill level 1 in Conjurations
  1821 | D:3      | Reached skill level 1 in Hexes
  1821 | D:3      | Reached skill level 1 in Summonings
  1821 | D:3      | Reached skill level 1 in Necromancy
  1821 | D:3      | Reached skill level 1 in Translocations
  1821 | D:3      | Reached skill level 1 in Transmutations
  1821 | D:3      | Reached skill level 1 in Fire Magic
  1821 | D:3      | Reached skill level 1 in Ice Magic
  1821 | D:3      | Reached skill level 1 in Air Magic
  1821 | D:3      | Reached skill level 1 in Earth Magic
  1821 | D:3      | Reached skill level 1 in Poison Magic
  1821 | D:3      | Reached XP level 5. HP: 46/47 MP: 5/7
  2267 | D:3      | Found an ornate altar of the Wu Jian Council.
  2634 | D:4      | Noticed Eustachio
  2677 | D:5      | Entered Level 5 of the Dungeon
  2811 | D:5      | Reached skill level 5 in Axes
  2811 | D:5      | Reached XP level 6. HP: 53/53 MP: 8/8
  3073 | D:6      | Found a blossoming altar of Fedhas.
  3089 | D:6      | Found a glowing silver altar of Zin.
  3116 | D:5      | HP: 1/51 [gnoll sergeant/+0 trident (6)]
  3116 | D:5      | Slain by a gnoll sergeant

Illustrated notes

Levels and vault maps discovered:
D:1:      dpeg_arrival_arbitrary_a, layout_basic,
          hellmonk_ecumenical_altar_prayer_group
D:2:      layout_basic, serial_shops, shop, bh_walls_and_bars
D:3:      layout_loops_ring, nzn_wu_jian_council_hall
D:4:      kennysheep_slugbush, layout_loops_corners, minmay_fire_ice_demons,
          uniq_eustachio
D:5:      layout_basic, vehumet_altar_wand_db, lightli_minifort
D:6:      minmay_polygon_palace, layout_cave_pools,
          chequers_temple_overflow_statue_of_worship, minivault_14,
          guppyfry_shop_venom

Skill      XL: |  1  2  3  4  5  6 |
---------------+-------------------+-----
Invocations    | 1 2 |  2.4
Short Blades   | 1 2 |  2.1
Long Blades    | 1 2 |  2.1
Maces & Flails | 1 2 |  2.1
Polearms       | 1 2 |  2.1
Staves         | 1 2 |  2.1
Ranged Weapons | 1 2 |  2.1
Throwing       | 1 2 |  2.1
Dodging        | 1 2 |  2.1
Stealth        | 1 2 |  2.1
Unarmed Combat | 1 2 |  2.1
Spellcasting   | 1 2 |  2.1
Evocations     | 1 2 |  2.1
Conjurations   | 1 |  1.7
Hexes          | 1 |  1.7
Summonings     | 1 |  1.7
Necromancy     | 1 |  1.7
Translocations | 1 |  1.7
Transmutations | 1 |  1.7
Fire Magic     | 1 |  1.7
Ice Magic      | 1 |  1.7
Air Magic      | 1 |  1.7
Earth Magic    | 1 |  1.7
Poison Magic   | 1 |  1.7
Axes           | 5 |  5.1
Fighting       | |  6.9
Armour         | |  6.9
Shields        | |  6.9

Action                   |  1- 3 |  4- 6 || total
-------------------------+-------+-------++-------
Melee: War axe           |    99 |    81 ||   180
       Bite              |     6 |     6 ||    12
  Use: Potion            |       |     1 ||     1
Armor: Scale mail        |    52 |    62 ||   114
Dodge: Dodged            |    36 |    57 ||    93
Block: Buckler           |    33 |    36 ||    69
